 Dungeon Crawl Stone Soup version 0.30-a0-965-g42e074c17a (webtiles) character file.

Game seed: 67342605798688029

15061 Demosthentine the Fighter (level 11, -10/81 HPs)
             Began as a Demonspawn Gladiator on Mar 31, 2023.
             Was an Elder of Hepliaklqana.
             Collided with some lava (13 damage)
             ... caused by a swamp worm
             ... on level 11 of the Dungeon.
             The game lasted 00:12:22 (10596 turns).

Demosthentine the Fighter (Demonspawn Gladiator)   Turns: 10596, Time: 00:12:22

Health: -10/81     AC:  8    Str: 17    XL:     11   Next: 96%
Magic:  16/16      EV: 22    Int: 10    God:    Hepliaklqana [****..]
Gold:   677        SH:  0    Dex: 16    Spells: 10/10 levels left

rFire   . . .      SeeInvis .    a - +1 trident (spect)
rCold   . . .      Faith    .    (no shield)
rNeg    . . .      Spirit   .    C - +1 troll leather armour
rPois   .          Reflect  .    c - +0 helmet
rElec   .          Rampage  .    (no cloak)
rCorr   .                        o - +0 pair of gloves
Will    .....                    (no boots)
Stlth   +                        (no amulet)
HPRegen 1.13/turn                h - +5 ring of evasion
MPRegen 0.15/turn                (no ring)

@: studying Necromancy
A: reduced essence, hooves 1, ignite blood 1, spiny 2, weakness stinger 2,
demonic touch 1
a: Renounce Religion, Recall Ancestor, Ancestor Identity, Transference, Idealise


You were on level 11 of the Dungeon.
You worshipped Hepliaklqana.
Hepliaklqana was greatly pleased with you.
You visited 2 branches of the dungeon, and saw 12 of its levels.
You also visited: Ossuary and Bailey.

You collected 677 gold pieces.

Inventory:

Hand Weapons
 a - a +1 spectral trident (weapon)
Missiles
 D - 7 javelins (quivered)
Armour
 c - a +0 helmet (worn)
 o - a +0 pair of gloves (worn)
 p - +0 steam dragon scales
 r - the +0 toga "Victory" {*Victory Clar}
   (You found it on level 8 of the Dungeon)

   *Victory:  When the wearer kills a threatening monster, it has a chance to
   gain +1 AC, +1 Slay, and +1 Int, capping at +7.
   When the wearer uses a scroll or a potion with a hostile monster in sight,
   its bonuses reset to +0.
   Unequipping it also resets its bonuses to +0.
   Clar:      It protects you against confusion.
 C - a +1 troll leather armour (worn)
 E - a +2 buckler
Jewellery
 h - a +5 ring of evasion (left hand)
 F - a +4 ring of protection
Wands
 e - a wand of mindburst (2)
 x - a wand of flame (34)
 y - a wand of roots (9)
Scrolls
 d - 3 scrolls of amnesia
 f - 4 scrolls of blinking
 i - 6 scrolls of immolation
 l - a scroll of enchant weapon
 u - a scroll of magic mapping
 w - a scroll of fog
 z - 3 scrolls of fear
 A - a scroll of teleportation
Potions
 b - 2 potions of cancellation
 g - 2 potions of magic
 j - 3 potions of curing
 k - a potion of ambrosia
 m - 2 potions of haste
 n - 2 potions of resistance
 q - a potion of heal wounds
 s - a potion of invisibility
 t - 2 potions of lignification
 v - a potion of flight
 B - a potion of berserk rage {unknown}


   Skills:
 + Level 10.1 Fighting
 + Level 9.5 Polearms
 - Level 1.7 Throwing
 - Level 6.7 Armour
 + Level 9.5 Dodging
 + Level 1.7 Shields
 - Level 7.7 Invocations


You had 10 spell levels left.
You didn't know any spells.
Your spell library contained the following spells:

 Spells                   Type           Power      Damage    Failure   Level
 Sandblast                Erth           0%         2d4       41%         1
 Shock                    Conj/Air       0%         1d3       41%         1
 Slow                     Hex            0%         N/A       41%         1
 Ensorcelled Hibernation  Hex/Ice        0%         N/A       56%         2
 Lesser Beckoning         Tloc           0%         N/A       56%         2
 Confusing Touch          Hex            0%         N/A       80%         3
 Gell's Gravitas          Tloc           0%         N/A       80%         3
 Spider Form              Tmut/Pois      0%         N/A       80%         3
 Summon Guardian Golem    Hex/Summ       0%         N/A       80%         3
 Swiftness                Air            0%         N/A       80%         3
 Teleport Other           Tloc           0%         N/A       80%         3
 Tukima's Dance           Hex            0%         N/A       80%         3
 Vampiric Draining        Necr           0%         2d6       80%         3
 Airstrike                Air            0%         2d(0-16)  99%         4
 Anguish                  Hex/Necr       0%         N/A       99%         4
 Leda's Liquefaction      Hex/Erth       0%         N/A       99%         4
 Passage of Golubria      Tloc           0%         N/A       99%         4
 Petrify                  Tmut/Erth      0%         N/A       99%         4
 Lee's Rapid Deconstruct  Erth           0%         3d4*      100%        5
 Yara's Violent Unravell  Hex/Tmut       0%         3d3       100%        5
 Statue Form              Tmut/Erth      0%         N/A       100%        6
 Orb of Destruction       Conj           0%         9d5       100%        7
 Spellforged Servitor     Conj/Summ      0%         N/A       100%        7


Dungeon Overview and Level Annotations

Branches:
Dungeon (11/15)            Temple (1/1) D:6            Lair (0/5) D:9
Ossuary (visited)          Bailey (visited)
    Orc: D:9-12

Altars:
Ashenzari
Cheibriados
Dithmenos
Fedhas
Gozag
Hepliaklqana
Kikubaaqudgha
Makhleb
Nemelex Xobeh
Okawaru
Qazlal
Ru
Sif Muna
Trog
Uskayaw
Vehumet
Wu Jian
Xom
Yredelemnul

Portals:
Trove: D:11 (show slimy rune of Zot)

Annotations:
D:3 1 runed translucent door, cforsyth's ghost, amateur FoFi
D:8 1 transporter
D:9 exclusion: ice statue
D:11 1 transporter


Innate Abilities, Weirdness & Mutations

Your life essence is reduced to manifest your ancestor. (-10% HP)
You have large cloven feet.
Your demonic aura sometimes causes spilled blood to erupt in flames.
You are mostly covered in sharp spines.
You have a tail ending in a sharp stinger.
Your touch may inflict minor irresistible damage on your foes.


Message History

Unknown command.
You struggle against the net.
The swamp worm fires a harpoon shot at you.
The harpoon shot hits you!
* * * LOW HITPOINT WARNING * * *
You are yanked forward by the harpoon shot.
You collide with the briar patch!
The briar patch is almost destroyed.
* * * LOW HITPOINT WARNING * * *
Unknown command.
Okay, then.
You feel much better.
The swamp worm fires a harpoon shot at you.
The harpoon shot hits you!
* * * LOW HITPOINT WARNING * * *
You are yanked forward by the harpoon shot.
You collide with the briar patch!
* * * LOW HITPOINT WARNING * * *
The swamp worm fires a harpoon shot at you.
The harpoon shot hits Shatamurrim!
You rip the net and break free!
Shatamurrim gestures at the swamp worm while chanting.
The swamp worm appears confused.
Unknown command.
The swamp worm falls into the lava!
The swamp worm is incinerated.
The swamp worm fires a harpoon shot at you.
The harpoon shot misses you.
Unknown command.
Unknown command.
Unknown command.
Really walk into that cloud of foul pestilence?
Okay, then.
Unknown command.
The swamp worm fires a harpoon shot at you.
The harpoon shot hits you!
* * * LOW HITPOINT WARNING * * *
You are yanked forward by the harpoon shot.
You violently stop moving!
You die...

..#....#...#........#...'.....#..
..#....#...#........#...#.....#..
..##'###............##..#####.#..
#.....##...###########..##.##.##'
#.....'....#♣#†#♣#.#.............
#.....#...##≈≈≈#§≈≈####..........
#.....#...#PPP.RPPP#$=#..........
#.....###©#©^^^^^^§+)©#©...##...#
###.......#PPPPP@PP#![#....##...#
..#.......##≈≈§≈#≈§####.....#...#
..#........##w#♣#w##........#...#
..#..[.....#########........#...#
..#.........................#...#
..#.........................'...#
#.#.....<.....###############...#
#'###########.........#....######
#...........#.........'...(......


You could see the friendly Shatamurrim the hexer and 2 swamp worms.

Vanquished Creatures
  Erolcha (D:11)
  A tengu warrior (D:11)
  A two-headed ogre (D:9)
  Urug (D:11)
  A deep elf zephyrmancer (Bailey)
  An orc knight (Bailey)
  A manticore (D:11)
  A cyclops (D:11)
  Joseph (D:10)
  An unseen horror (D:11)
  A komodo dragon (D:11)
  Grinder (D:3)
  5 trolls
  5 yaks (D:10)
  3 wraiths
  2 wyverns (D:9)
  A basilisk (D:9)
  5 steam dragons
  3 acid dragons
  A swamp worm (D:11)
  3 water moccasins
  4 sky beasts
  4 black bears
  6 orc warriors
  2 ogres
  2 wolves (D:9)
  5 centaurs
  3 kobold brigands
  A gnoll sergeant (D:11)
  4 scorpions
  3 bullfrogs
  6 wights
  5 killer bees (D:9)
  3 howler monkeys
  3 jellies
  2 centaur zombies (Ossuary)
  3 hounds
  2 gnoll boudas (D:9)
  3 orc priests
  3 sleepcaps
  9 iguanas
  10 orc wizards
  Robin (D:3)
  11 gnolls
  9 adders
  A shadow imp (D:6)
  2 white imps (D:5)
  2 ufetubi
  An adder zombie (Ossuary)
  3 worms
  6 dart slugs
  18 orcs
  4 bats
  2 endoplasms
  3 giant cockroaches
  15 goblins
  11 hobgoblins
  4 quokkas
  2 ball pythons (D:2)
  A ball python skeleton (Ossuary)
  A frilled lizard (D:1)
  A hobgoblin skeleton (Ossuary)
  A hobgoblin zombie (Ossuary)
  21 kobolds
  An orc skeleton (Ossuary)
  2 orc zombies (Ossuary)
  4 rats
250 creatures vanquished.

Vanquished Creatures (collateral kills)
  A centaur warrior (D:9)
  2 wyverns (D:9)
  A steam dragon (D:8)
  A swamp worm (D:11)
  A water moccasin (D:9)
  2 orc warriors (Bailey)
  2 orcs
  2 kobolds (D:9)
12 creatures vanquished.

Vanquished Creatures (others)
  2 hexers (D:9)
  2 orc wizards (D:9)
  2 ancestors
  2 kobolds (D:7)
  A briar patch (D:11)
  14 plants (D:9)
23 creatures vanquished.

Grand Total: 285 creatures vanquished

Notes
Turn   | Place    | Note
-------+----------+-------------------------------------------
     0 | D:1      | Demosthentine the Demonspawn Gladiator began the quest for
                  | the Orb.
     0 | D:1      | Reached XP level 1. HP: 16/16 MP: 1/1
    62 | D:1      | Found a faded altar of an unknown god.
   748 | D:1      | Discovered your monstrous ancestry.
   748 | D:1      | Gained mutation: You have large cloven feet. [demonic
                  | ancestry]
   748 | D:1      | Reached XP level 2. HP: 22/22 MP: 2/2
   931 | D:2      | Reached skill level 1 in Armour
   950 | D:2      | Reached XP level 3. HP: 18/28 MP: 3/3
  1913 | D:3      | Gained mutation: You have a small tail. [demonic ancestry]
  1913 | D:3      | Reached XP level 4. HP: 23/34 MP: 4/4
  1959 | D:3      | Noticed Grinder
  1959 | D:3      | Paralysed by Grinder for 4 turns
  1974 | D:3      | Paralysed by Grinder for 4 turns
  1980 | D:3      | Paralysed by Grinder for 4 turns
  1987 | D:3      | Killed Grinder
  1988 | D:3      | Reached skill level 3 in Fighting
  1988 | D:3      | Reached XP level 5. HP: 41/41 MP: 5/5
  1988 | D:3      | Gained mutation: Your touch may inflict minor irresistible
                  | damage on your foes. [demonic ancestry]
  1988 | D:3      | Reached XP level 6. HP: 47/47 MP: 6/6
  2084 | D:3      | Noticed Robin
  2092 | D:3      | Killed Robin
  2109 | D:3      | Identified the +4 mace "Yfolum" {venom, *Noise rF+ Str+2
                  | Dex+2}
  2326 | D:3      | Found a runed translucent door.
  2326 | D:3      | Noticed cforsyth's ghost (amateur FoFi)
  2923 | D:4      | Reached skill level 4 in Fighting
  2963 | D:4      | Gained mutation: You have a tail ending in a sharp stinger.
                  | [demonic ancestry]
  2963 | D:4      | Reached XP level 7. HP: 54/54 MP: 7/7
  3526 | D:5      | Entered Level 5 of the Dungeon
  3946 | D:5      | Reached skill level 5 in Polearms
  3946 | D:5      | Reached skill level 5 in Dodging
  4031 | D:5      | Reached skill level 5 in Fighting
  4031 | D:5      | Gained mutation: You are partially covered in sharp spines.
                  | [demonic ancestry]
  4031 | D:5      | Reached XP level 8. HP: 62/62 MP: 8/8
  4497 | D:6      | Found a staircase to the Ecumenical Temple.
  4511 | Temple   | Entered the Ecumenical Temple
  4557 | Temple   | Became a worshipper of Hepliaklqana the Forgotten
  5114 | D:6      | Reached skill level 5 in Armour
  5258 | D:7      | Reached skill level 6 in Fighting
  5296 | D:7      | Reached XP level 9. HP: 49/69 MP: 9/9
  5352 | D:7      | Found a sand-covered staircase.
  5365 | Ossuary  | Entered an ossuary
  5376 | Ossuary  | Reached * piety under Hepliaklqana
  5647 | D:7      | Found a flagged portal.
  5711 | Bailey   | Entered a bailey
  5762 | Bailey   | Reached skill level 7 in Fighting
  5873 | Bailey   | Found a large runed translucent door.
  5873 | Bailey   | Found a large runed translucent door.
  5874 | Bailey   | Noticed a deep elf zephyrmancer
  5889 | Bailey   | Noticed an orc knight
  5940 | Bailey   | Killed an orc knight
  5959 | Bailey   | Killed a deep elf zephyrmancer
  5960 | Bailey   | Gained mutation: You are mostly covered in sharp spines.
                  | [demonic ancestry]
  5960 | Bailey   | Reached XP level 10. HP: 16/71 MP: 10/10
  6151 | Bailey   | Identified the +0 plate armour of the End {Str+4 Int-2
                  | Dex+3}
  6952 | D:8      | Found a transporter.
  6999 | D:8      | Found the +0 toga "Victory" {*Victory Clar}
  7008 | D:8      | Reached skill level 1 in Invocations
  7151 | D:8      | Reached ** piety under Hepliaklqana
  7152 | D:8      | Remembered your ancestor Shatamurrim as a hexer
  7647 | D:9      | Reached skill level 8 in Fighting
  7660 | D:9      | Found a staircase to the Lair.
  8069 | D:9      | Noticed a two-headed ogre
  8075 | D:9      | Killed a two-headed ogre
  8129 | D:9      | Reached skill level 5 in Invocations
  8141 | D:9      | Gained mutation: Your demonic aura sometimes causes spilled
                  | blood to erupt in flames. [demonic ancestry]
  8141 | D:9      | Reached XP level 11. HP: 67/78 MP: 14/14
  8523 | D:9      | Noticed a centaur warrior
  8530 | D:9      | Killed a centaur warrior
  8531 | D:9      | Reached skill level 9 in Fighting
  8776 | D:9      | Found a bloodstained altar of Trog.
  8776 | D:9      | Found a shadowy altar of Dithmenos.
  8777 | D:9      | Found a stormy altar of Qazlal.
  8786 | D:9      | Found an ornate altar of the Wu Jian Council.
  8934 | D:9      | Got Zaisuefoll's Precepts of Grounded Pestilence
  9120 | D:10     | Entered Level 10 of the Dungeon
  9159 | D:10     | Noticed Joseph
  9168 | D:10     | Killed Joseph
  9422 | D:10     | Reached *** piety under Hepliaklqana
  9823 | D:11     | Noticed Urug
  9833 | D:11     | Killed Urug
  9888 | D:11     | Noticed Erolcha
  9893 | D:11     | Killed Erolcha
  9932 | D:11     | Found a portal to a secret trove of treasure.
 10203 | D:11     | Found a transporter.
 10217 | D:11     | Noticed a tengu warrior
 10225 | D:11     | Killed a tengu warrior
 10226 | D:11     | Reached skill level 1 in Shields
 10325 | D:11     | Reached skill level 10 in Fighting
 10475 | D:11     | Reached **** piety under Hepliaklqana
 10489 | D:11     | Found a transporter.
 10596 | D:11     | HP: 3/81 [swamp worm/harpoon shot (16)]
 10596 | D:11     | Collided with some lava

Illustrated notes

Levels and vault maps discovered:
D:1:      dpeg_arrival_brainrot, layout_basic, hellmonk_ecumenical_altar_run_dry
D:2:      layout_basic, chequers_decorated_corner, minmay_tromino_i2
D:3:      layout_basic, serial_glass, glass_columns_c, glass_columns_c,
          gammafunk_ghost_grave, uniq_robin, uniq_grinder
D:4:      layout_loops_ring
D:5:      layout_basic, overflow_temple_1_default, kennysheep_generic_room_14
D:6:      layout_basic, minmay_temple_entry_ruins
D:7:      layout_loops_ring, enter_bailey_8, enter_ossuary_1
D:8:      layout_loops_corners, nicolae_diode_basic
D:9:      layout_gridville, nicolae_overflow_quartered_altars,
          minmay_lair_entry_grove, nzn_random_ring
D:10:     layout_roguey, uniq_joseph
D:11:     gammafunk_worm_tunnel, layout_gridville, nicolae_trove_entry_columns,
          uniq_erolcha, uniq_urug
Temple:   sentei_temple_godly_chess

Skill      XL: |  1  2  3  4  5  6  7  8  9 10 11 |
---------------+----------------------------------+-----
Polearms       | 3 4 5 6 7 8 9 |  9.5
Dodging        | 3 4 5 6 7 8 9 |  9.5
Armour         | 1 2 3 4 5 6 |  6.7
Fighting       | 3 4 5 6 7 8 10 | 10.1
Invocations    | 5 7 |  7.7
Shields        | 1 |  1.7
Throwing       | |  1.7

Action                     |  1- 3 |  4- 6 |  7- 9 | 10-12 || total
---------------------------+-------+-------+-------+-------++-------
  Melee: Trident           |   109 |    78 |   242 |   228 ||   657
         Kick              |    15 |    13 |    44 |    69 ||   141
         Punch             |     1 |     1 |     3 |     3 ||     8
         Touch             |       |    10 |    28 |    33 ||    71
         Tailslap          |       |     8 |    22 |    32 ||    62
  Throw: Throwing net      |       |       |     1 |     3 ||     4
         Javelin           |       |       |       |     1 ||     1
 Invoke: Ancestor Life: He |       |       |       |     1 ||     1
         Ancestor Identity |       |       |       |     1 ||     1
  Evoke: Wand              |       |       |       |     1 ||     1
    Use: Scroll            |     9 |     4 |     6 |     6 ||    25
         Potion            |       |     1 |     3 |     2 ||     6
   Stab: Sleeping          |       |       |     9 |     1 ||    10
         Distracted        |       |       |     1 |     7 ||     8
         Held in net/web   |       |       |       |     1 ||     1
         Confused          |       |       |       |     1 ||     1
 Armour: Leather armour    |    23 |    10 |     8 |       ||    41
         Skin              |       |     3 |       |       ||     3
         Steam dragon scal |       |       |     9 |    17 ||    26
         Troll leather arm |       |       |       |     7 ||     7
  Dodge: Dodged            |    49 |    32 |   115 |   131 ||   327

Table legend: (Time is in decaauts)
 A = Elapsed time spent in this place.
 B = Non-inter-level travel time spent in this place.
 C = Inter-level travel time spent in this place.
 D = Time resting spent in this place.
 E = Time spent auto-exploring this place.
 F = Levels seen in this place.
 G = Mean time per level.
                   A        B        C        D        E       F      G
               +--------+--------+--------+--------+--------+-----+--------+
         Total |  10607 |  10428 |    179 |    477 |   8042 |  14 |  757.6 |
       Dungeon |   9795 |   9616 |    179 |    477 |   7446 |  11 |  890.5 |
        Temple |     49 |     49 |      0 |      0 |     42 |   1 |   49.0 |
       Ossuary |    255 |    255 |      0 |      0 |    165 |   1 |  255.0 |
        Bailey |    506 |    506 |      0 |      0 |    389 |   1 |  506.0 |
               +--------+--------+--------+--------+--------+-----+--------+

Top non-repeatable levels by time:
     D:9: 1520 daAuts
     D:2: 968 daAuts
     D:5: 967 daAuts
     D:3: 941 daAuts
     D:1: 851 daAuts
     D:8: 816 daAuts
     D:4: 790 daAuts
    D:11: 776 daAuts
     D:7: 761 daAuts
     D:6: 711 daAuts
    D:10: 688 daAuts
  Bailey: 506 daAuts
 Ossuary: 255 daAuts
  Temple: 49 daAuts
